 Dungeon Crawl Stone Soup version 0.20-a0-1040-gfd09691 (console) character file.

24894 nht the Brawler (level 12, -3/91 HPs)
             Began as a Grey Draconian Transmuter on Apr 23, 2017.
             Was an Elder of Hepliaklqana.
             Slain by an orc warrior
             ... wielding a +0 war axe
              (17 damage)
             ... on level 1 of the Orcish Mines.
             The game lasted 00:30:34 (11793 turns).

nht the Brawler (Grey Draconian Transmuter)        Turns: 11793, Time: 00:30:35

Health: -3/91      AC: 13    Str: 23    XL:     12   Next: 84%
Magic:  0/15       EV: 12    Int: 20    God:    Hepliaklqana [****..]
Gold:   611        SH:  0    Dex: 14    Spells: 3/15 levels left

rFire    + . .     SeeInvis .     - Unarmed
rCold    + . .     Gourm    .   (no shield)
rNeg     . . .     Faith    .   (armour unavailable)
rPois    .         Spirit   +   (helmet restricted)
rElec    .         Reflect  .   t - scarf {rC+ rF+}
rCorr    .         Harm     .   (no gloves)
MR       .....                  (no boots)
Stlth    +.........             w - amulet of guardian spirit
Regen    0.3/turn               F - ring of wizardry
MPRegen  0.2/turn               A - ring "Fesops" {*Drain Str+8 Int+3 Dex+3}

@: no status effects
A: walk through water, unfitting armour, reduced essence, unbreathing,
cold-blooded, AC +13
a: Recall Ancestor, Ancestor Identity, Transference, Idealise, Renounce Religion


You were on level 1 of the Orcish Mines.
You worshipped Hepliaklqana.
Hepliaklqana was greatly pleased with you.
You were hungry.

You visited 2 branches of the dungeon, and saw 12 of its levels.
You also visited: Volcano.

You collected 917 gold pieces.
You spent 306 gold pieces at shops.

Inventory:

Hand Weapons
 D - the +3 flail "Ucoa" {antimagic, rElec}
   (You took it off a gnoll on level 10 of the Dungeon)

   It reduces the magical energy of the wielder, and disrupts the spells and
   magical abilities of those hit.
   Natural abilities and divine invocations are not affected.
   It insulates you from electricity.
Missiles
 h - 34 tomahawks (quivered)
 x - 2 poisoned tomahawks
Armour
 t - a scarf of resistance (worn)
Jewellery
 v - an uncursed ring of protection from cold
 w - an amulet of guardian spirit (around neck)
 A - the ring "Fesops" (right hand) {*Drain Str+8 Int+3 Dex+3}
   (You found it on level 9 of the Dungeon)

   [ring of dexterity]

   It affects your strength (+8).
   It affects your intelligence (+3).
   It affects your dexterity (+3).
   It causes draining when unequipped.
 F - a ring of wizardry (left hand)
 H - an uncursed ring of protection from magic
Wands
 m - a wand of clouds (1/9)
Scrolls
 e - a scroll of fog
 j - a scroll of blinking
 k - 5 scrolls of teleportation
 r - 5 scrolls of identify
 C - a scroll of enchant weapon
 G - a scroll of remove curse
Potions
 a - a potion of heal wounds
 d - a potion of flight
 f - 4 potions of haste
 n - a potion of magic
 o - 2 potions of might
 p - 2 potions of resistance
 u - 3 potions of curing
 z - 2 potions of cancellation
 E - 3 potions of lignification
 I - a potion of berserk rage
Books
 b - a book of Changes

   Spells                             Type                      Level
   a - Beastly Appendage              Transmutation                1
   b - Sticks to Snakes               Transmutation                2
   c - Spider Form                    Transmutation/Poison         3
   d - Ice Form                       Ice/Transmutation            4
   e - Blade Hands                    Transmutation                5
 q - a book of Conjurations

   Spells                             Type                      Level
   a - Magic Dart                     Conjuration                  1
   b - Searing Ray                    Conjuration                  2
   c - Dazzling Spray                 Conjuration/Hexes            3
   d - Fulminant Prism                Conjuration/Hexes            4
   e - Force Lance                    Conjuration/Translocation    4
   f - Iskenderun's Mystic Blast      Conjuration                  4
 y - a book of Frost

   Spells                             Type                      Level
   a - Freeze                         Ice                          1
   b - Throw Frost                    Conjuration/Ice              2
   c - Ozocubu's Armour               Charms/Ice                   3
   d - Throw Icicle                   Conjuration/Ice              4
   e - Summon Ice Beast               Ice/Summoning                4
 B - a Young Poisoner's Handbook

   Spells                             Type                      Level
   a - Sting                          Conjuration/Poison           1
   b - Poisonous Vapours              Poison/Air                   2
   c - Mephitic Cloud                 Conjuration/Poison/Air       3
   d - Olgreb's Toxic Radiance        Poison                       4
   e - Venom Bolt                     Conjuration/Poison           5
Comestibles
 c - 7 bread rations
 g - 6 royal jellies
 i - 17 fruits
 l - 4 meat rations
 s - 38 chunks of flesh


   Skills:
 + Level 8.2 Fighting
 - Level 1.7 Dodging
 * Level 15.9 Unarmed Combat
 - Level 2.0 Spellcasting
 + Level 11.8 Transmutations
 + Level 4.1 Invocations


You had 3 spell levels left.
You knew the following spells:

 Your Spells              Type           Power        Failure   Level  Hunger
a - Ice Form              Ice/Tmut       ####....     6%          4    #####..
b - Spider Form           Tmut/Pois      ####......   1%          3    ###....
c - Blade Hands           Tmut           #####.....   1%          5    ######.


Dungeon Overview and Level Annotations

Branches:
Dungeon (11/15)            Temple (0/1) D:4            Lair (0/6) D:8
    Orc (1/2) D:11

Altars:
Dithmenos
Fedhas
Gozag
Hepliaklqana
Kikubaaqudgha
Makhleb
Nemelex Xobeh
Okawaru
Qazlal
Trog
Uskayaw
Wu Jian
Zin
The Shining One
Beogh

Shops:
D:11 !


Innate Abilities, Weirdness & Mutations

You can walk through water.
Your dull iron-grey scales are very hard. (AC +13)
You cannot fit into any form of body armour.
You can survive without breathing.
You are cold-blooded and may be slowed by cold attacks.
Your life essence is reduced. (-10% HP)


Message History

The orc warrior closely misses Sizwe.
The orc warrior misses you.
You completely miss the orc warrior.
Sizwe gestures at the orc warrior while chanting.
The orc warrior resists with some effort.
The ogre closely misses you.
The orc warrior hits you but does no damage.
The orc warrior barely misses Sizwe.
The orc closely misses Sizwe.
You closely miss the orc warrior.
Your hands revert to their normal proportions.
The orc warrior hits you with a dire flail!
Sizwe hits the orc warrior but does no damage.
Sizwe drains the orc warrior!
Unknown command.
You punch the orc warrior!
The orc warrior is severely wounded.
The ogre hits you with a giant club!!
* * * LOW HITPOINT WARNING * * *
The orc hits Sizwe with a club!
The orc warrior hits you with a war axe!!
You die...

███ . ███ O.██ ..
██.██ ...█..█ █...█
██.....█ ██.██
██oo....█ █...██
█@OR..█
██..█.█████o█..█
█.......██...█ █
██........█.███
██...█.......██
█...███.......█
██..█.█......██
██..........███
█...........█████████


You could see the friendly Sizwe the hexer, 2 orc warriors, an ogre and an orc.

Vanquished Creatures
  Fannar (D:11)
  A dancing weapon (Volcano)
  5 two-headed ogres
  2 death knights (D:11)
  2 orc high priests (Orc:1)
  An unseen horror (D:10)
  5 wizards (Volcano)
  3 orc knights
  An orc sorcerer (D:11)
  5 toenail golems (Volcano)
  Grinder (D:4)
  3 trolls (Orc:1)
  3 hippogriffs
  A human (D:8)
  6 yaks
  4 hogs (D:8)
  A hungry ghost (D:9)
  2 wargs (Orc:1)
  A porcupine (D:8)
  13 orc warriors
  4 ice beasts
  3 phantoms
  3 sky beasts
  An eye of draining (D:9)
  4 ogres
  7 centaurs
  A big kobold (D:10)
  7 bullfrogs
  2 gnoll sergeants (D:10)
  2 scorpions
  3 howler monkeys
  17 wights
  4 crimson imps
  A centaur zombie (D:5)
  A jelly (D:5)
  10 orc priests
  4 hounds
  14 orc wizards
  2 centaur skeletons
  7 iguanas
  10 worker ants
  A hound skeleton (D:5)
  11 gnolls
  6 adders
  3 shadow imps
  2 oozes
  An adder skeleton (D:4)
  2 worms
  4 dart slugs
  6 leopard geckos
  59 orcs
  2 ball pythons
  6 bats
  5 giant cockroaches
  17 hobgoblins
  6 jackals
  3 quokkas
  3 frilled lizards
  4 goblins
  11 kobolds
  A leopard gecko skeleton (D:9)
  A leopard gecko zombie (D:5)
  7 rats
329 creatures vanquished.

Vanquished Creatures (collateral kills)
  An unseen horror (D:11)
  An orc knight (D:11)
  Psyche (D:11)
  A wyvern (D:11)
  A phantom (D:6)
  A bullfrog (D:8)
  A gnoll sergeant (D:6)
  A scorpion (D:8)
  A quasit (D:11)
  2 orc priests
  2 worker ants
  4 gnolls
  9 orcs
  2 giant cockroaches
  A hobgoblin (Orc:1)
  A kobold (D:10)
  A frilled lizard (D:5)
31 creatures vanquished.

Vanquished Creatures (others)
  A hexer (D:9)
  An ancestor (D:5)
  An orc (D:5)
3 creatures vanquished.

Grand Total: 363 creatures vanquished

Notes
Turn   | Place    | Note
-------+----------+-------------------------------------------
     0 | D:1      | nht the Draconian Transmuter began the quest for the Orb.
     0 | D:1      | Reached XP level 1. HP: 16/16 MP: 3/3
   405 | D:1      | Reached XP level 2. HP: 21/23 MP: 3/5
   662 | D:1      | Reached XP level 3. HP: 28/28 MP: 4/6
  1051 | D:2      | Reached skill level 4 in Unarmed Combat
  1348 | D:2      | Found a blossoming altar of Fedhas.
  1610 | D:3      | Reached XP level 4. HP: 33/35 MP: 5/7
  1804 | D:2      | Found a shadowy altar of Dithmenos.
  1945 | D:3      | Found a hide-covered altar of Uskayaw.
  2287 | D:3      | Found a burning altar of Makhleb.
  2289 | D:3      | Found an iron altar of Okawaru.
  2289 | D:3      | Found an opulent altar of Gozag.
  2294 | D:3      | Found a sparkling altar of Nemelex Xobeh.
  2294 | D:3      | Found a bloodstained altar of Trog.
  2299 | D:3      | Found a stormy altar of Qazlal.
  2300 | D:3      | Found a hazy altar of Hepliaklqana.
  2308 | D:3      | Became a worshipper of Hepliaklqana the Forgotten
  2618 | D:4      | Reached skill level 5 in Unarmed Combat
  2618 | D:4      | Reached XP level 5. HP: 28/36 MP: 6/8
  2623 | D:4      | Learned a level 3 spell: Spider Form
  2636 | D:4      | Noticed Grinder
  2671 | D:4      | Killed Grinder
  2671 | D:4      | Reached skill level 6 in Unarmed Combat
  2671 | D:4      | Reached XP level 6. HP: 3/42 MP: 9/9
  3328 | D:4      | Your scales start taking on a dull iron-grey colour.
  3328 | D:4      | Reached XP level 7. HP: 28/46 MP: 3/10
  3328 | D:4      | Gained mutation: You can survive without breathing. [Grey Draconian growth]
  3382 | D:4      | Found a staircase to the Ecumenical Temple.
  3458 | D:4      | Reached skill level 7 in Unarmed Combat
  4001 | D:5      | Entered Level 5 of the Dungeon
  4039 | D:5      | Reached skill level 5 in Transmutations
  4256 | D:5      | Reached * piety under Hepliaklqana
  4273 | D:5      | Reached skill level 8 in Unarmed Combat
  4287 | D:5      | Reached XP level 8. HP: 29/53 MP: 9/11
  4865 | D:6      | Reached skill level 9 in Unarmed Combat
  5133 | D:6      | Found a glowing golden altar of the Shining One.
  5271 | D:6      | Reached ** piety under Hepliaklqana
  5272 | D:6      | Remembered your ancestor Sizwe as a hexer
  5282 | D:6      | Learned a level 4 spell: Ice Form
  5474 | D:6      | Found a glowing silver altar of Zin.
  5540 | D:6      | Found an ornate altar of the Wu Jian Council.
  5552 | D:6      | Reached skill level 10 in Unarmed Combat
  6165 | D:6      | Reached XP level 9. HP: 40/57 MP: 6/12
  6519 | D:7      | Learned a level 5 spell: Blade Hands
  7225 | D:8      | Reached skill level 11 in Unarmed Combat
  7402 | D:8      | Noticed a two-headed ogre
  7409 | D:8      | Killed a two-headed ogre
  7409 | D:8      | Reached XP level 10. HP: 27/63 MP: 7/13
  7415 | D:8      | Reached skill level 12 in Unarmed Combat
  7673 | D:8      | Found a staircase to the Lair.
  7774 | D:8      | Noticed a two-headed ogre
  7781 | D:8      | Killed a two-headed ogre
  8074 | D:9      | Reached skill level 13 in Unarmed Combat
  8142 | D:9      | Got a shimmering jade ring
  8159 | D:9      | Identified the ring "Fesops" {*Drain Str+8 Int+3 Dex+3} (You found it on level 9 of the Dungeon)
  8220 | D:9      | Reached *** piety under Hepliaklqana
  8262 | D:9      | Noticed a two-headed ogre
  8272 | D:9      | Killed a two-headed ogre
  8584 | D:9      | Found an ancient bone altar of Kikubaaqudgha.
  8895 | D:10     | Entered Level 10 of the Dungeon
  8898 | D:10     | Reached XP level 11. HP: 70/73 MP: 11/14
  9026 | D:10     | Got an ancient flail {antimagic}
  9038 | D:10     | Killed an unseen horror
  9038 | D:10     | Reached skill level 10 in Transmutations
  9317 | D:10     | Identified the cursed +3 flail "Ucoa" {antimagic, rElec} (You took it off a gnoll on level 10 of the Dungeon)
  9513 | D:11     | Noticed a two-headed ogre
  9513 | D:11     | Noticed an orc knight
  9519 | D:11     | Noticed an orc sorcerer
  9559 | D:11     | Killed an orc sorcerer
  9578 | D:11     | Killed an orc knight
  9598 | D:11     | Noticed Fannar
  9608 | D:11     | Killed Fannar
  9608 | D:11     | Reached skill level 5 in Fighting
  9608 | D:11     | Reached skill level 14 in Unarmed Combat
  9614 | D:11     | Noticed a death knight
  9623 | D:11     | Killed a death knight
  9632 | D:11     | Noticed an orc knight
  9952 | D:11     | Killed a two-headed ogre
 10000 | D:11     | Killed an orc knight
 10002 | D:11     | Noticed an orc knight
 10254 | D:11     | Killed an orc knight
 10319 | D:11     | Noticed a death knight
 10332 | D:11     | Killed a death knight
 10437 | D:11     | Noticed a two-headed ogre
 10441 | D:11     | Killed a two-headed ogre
 10452 | D:11     | Noticed Psyche
 10477 | D:11     | Reached XP level 12. HP: 44/87 MP: 8/15
 10481 | D:11     | Killed Psyche
 10552 | D:11     | Reached skill level 15 in Unarmed Combat
 10774 | D:11     | Found Xareidaulo's Distillery.
 10790 | D:11     | Bought a potion of might for 72 gold pieces
 10790 | D:11     | Bought a potion of lignification for 54 gold pieces
 10790 | D:11     | Bought a potion of lignification for 54 gold pieces
 10790 | D:11     | Bought a potion of might for 72 gold pieces
 10790 | D:11     | Bought a potion of lignification for 54 gold pieces
 10914 | D:11     | Found a roughly hewn altar of Beogh.
 10919 | D:11     | Found a staircase to the Orcish Mines.
 11001 | Orc:1    | Entered Level 1 of the Orcish Mines
 11077 | Orc:1    | Noticed an orc high priest
 11089 | Orc:1    | Killed an orc high priest
 11089 | Orc:1    | Reached skill level 1 in Invocations
 11106 | Orc:1    | Found a dark tunnel.
 11147 | Volcano  | Entered a volcano
 11528 | Orc:1    | Noticed an orc high priest
 11538 | Orc:1    | Killed an orc high priest
 11590 | Orc:1    | Reached **** piety under Hepliaklqana
 11793 | Orc:1    | Slain by an orc warrior

Vault maps used:
D:1:      dpeg_arrival_central
D:2:      lemuel_upstairs_altar, fedhas_altar_1
D:3:      nicolae_overflow_hidden_temple, grunt_temple_overflow_open
D:4:      minmay_temple_entry_fiery, minmay_misc_feat_square, kennysheep_boxes,
          uniq_grinder
D:5:      first_bread
D:6:      overflow_temple_1_default, nicolae_tso_carved_into_rock, basic_altar
D:8:      grunt_lair_entry_orc_guard_hut, grunt_livestock
D:9:      overflow_temple_1_default
D:11:     david_orc_5, serial_shops, nicolae_shop_crystal, uniq_fannar,
          uniq_psyche
Orc:1:    cheibrodos_orc_bank, enter_volcano_1
Volcano:  volcano_bunker

Skill      XL: |  1  2  3  4  5  6  7  8  9 10 11 12 |
---------------+-------------------------------------+-----
Unarmed Combat | 4 5 6 8 10 11 13 14 15 | 15.9
Transmutations | 3 4 5 7 8 9 11 | 11.8
Fighting       | 3 6 8 |  8.2
Invocations    | 4 |  4.1
Dodging        | |  1.7
Spellcasting   | |  2.0

Action                   |  1- 3 |  4- 6 |  7- 9 | 10-12 || total
-------------------------+-------+-------+-------+-------++-------
Melee: Unarmed           |   132 |   129 |   324 |   386 ||   971
       Tailslap          |    16 |    11 |    15 |    46 ||    88
       Kick              |    11 |     9 |       |       ||    20
       Headbutt          |    10 |     3 |       |       ||    13
       Punch             |     2 |     1 |     2 |    27 ||    32
 Cast: Beastly Appendage |    31 |    17 |       |       ||    48
       Spider Form       |       |     4 |    18 |       ||    22
       Ice Form          |       |       |     5 |     1 ||     6
       Blade Hands       |       |       |     4 |    39 ||    43
Invok: Recall Ancestor   |       |     2 |       |     1 ||     3
       Ancestor Life: He |       |       |     1 |       ||     1
Evoke: Wand              |       |       |     1 |    23 ||    24
  Use: Potion            |       |     6 |       |     1 ||     7
       Scroll            |       |     3 |    13 |     7 ||    23
 Stab: Sleeping          |     1 |       |     4 |       ||     5
       Distracted        |       |       |     2 |     6 ||     8
       Confused          |       |       |     1 |     2 ||     3
       Invisible         |       |       |       |     3 ||     3
  Eat: Chunk             |     3 |     5 |    20 |    27 ||    55
       Fruit             |       |     2 |     1 |     4 ||     7
Armor: Skin              |    33 |    18 |    54 |    92 ||   197
Dodge: Dodged            |    79 |    66 |   186 |   162 ||   493
